 Dungeon Crawl Stone Soup version 0.19-a0-1051-gdb7e7f8 (webtiles) character file.

48 Jmtri7 the Changer (level 3, 0/23 HPs)
             Began as an Octopode Transmuter on Aug 2, 2016.
             Slain by Jmtri7's ghost (9 damage)
             ... on level 3 of the Dungeon.
             The game lasted 00:04:32 (1679 turns).

Jmtri7 the Changer (Octopode Transmuter)            Turns: 1679, Time: 00:04:32

Health: 0/23       AC:  3    Str: 10    XL:     3   Next: 72%
Magic:  5/6        EV: 13    Int: 15    God:
Gold:   75         SH:  0    Dex: 12    Spells: 1 memorised, 5 levels left

rFire  x . .     SeeInvis .       - Unarmed
rCold  + . .     Gourm    .     (no shield)
rNeg   . . .     Faith    .     p - +2 hat
rPois  .         Spirit   .     (no amulet)
rElec  .         Dismiss  .     g - ring of ice
rCorr  .         Reflect  .     (no ring)
SustAt .         Harm     .     (no ring)
MR     .....                    (no ring)
Stlth  ++........               (no ring)
                                (no ring)
                                (no ring)
                                (no ring)

@: appendage (expiring), very slightly contaminated, not resistant to hostile
enchantments, unstealthy
A: almost no armour, amphibious, 8 rings, constrict 8, tentacle spike 3,
camouflage 1, gelatinous body 1
a: End Transformation


You were on level 3 of the Dungeon.
You were not hungry.
One of your tentacles had a temporary spike.
You visited 1 branch of the dungeon, and saw 3 of its levels.

You collected 75 gold pieces.

Inventory:

Missiles
 a - 29 arrows
Armour
 p - a +2 hat (worn)
Jewellery
 g - a ring of ice (left tentacle)
Wands
 i - a wand of lightning (6/15)
Scrolls
 e - a scroll of recharging {unknown}
 l - a scroll of amnesia {unknown}
Potions
 d - a potion of haste
 f - 2 potions of curing
 j - 2 potions of heal wounds
 q - a potion of ambrosia {unknown}
 r - a potion of resistance {unknown}
 s - a potion of lignification {unknown}
Books
 b - a book of Changes

   Spells                             Type                      Level
   a - Beastly Appendage              Transmutation                1
   b - Sticks to Snakes               Transmutation                2
   c - Spider Form                    Transmutation/Poison         3
   d - Ice Form                       Ice/Transmutation            4
   e - Blade Hands                    Transmutation                5
Comestibles
 c - a bread ration
 h - 3 slices of pizza
 k - 3 meat rations
 m - 2 royal jellies
 t - 8 chunks of flesh


   Skills:
 - Level 1.0 Fighting
 - Level 2.0 Dodging
 - Level 3.0 Unarmed Combat
 - Level 2.0 Spellcasting
 + Level 3.9 Transmutations


You had 5 spell levels left.
You knew the following spells:

 Your Spells              Type           Power        Failure   Level  Hunger
a - Beastly Appendage     Tmut           ##....       6%          1    #......


Dungeon Overview and Level Annotations

Branches:
Dungeon (3/15)

Altars:

Annotations:
D:3 Jmtri7's ghost, amateur OpTm


Innate Abilities, Weirdness & Mutations

You cannot wear most types of armour.
You are amphibious.
You can wear up to eight rings at the same time.
You can use your tentacles to constrict eight enemies at once.
Your skin changes colour to match your surroundings (Stealth+).
Your rubbery body absorbs attacks. (AC +1, EV +1)
One of your tentacles bears a large vicious spike.


Message History

Jmtri7's ghost says very slowly, "There's no hope."
Jmtri7's ghost hits you.
You closely miss Jmtri7's ghost.
Jmtri7's ghost is moderately damaged.
Jmtri7's ghost hits you.
You tentacle-slap Jmtri7's ghost. You squeeze Jmtri7's ghost.
Jmtri7's ghost is moderately damaged.
Jmtri7's ghost barely misses you.
You tentacle-slap Jmtri7's ghost.
Jmtri7's ghost is heavily damaged.
Jmtri7's ghost hits you.
You miss Jmtri7's ghost.
You pierce Jmtri7's ghost, but do no damage.
Jmtri7's ghost is heavily damaged.
Jmtri7's ghost hits you.
You closely miss Jmtri7's ghost.
Jmtri7's ghost is heavily damaged.
Your transformation is almost over.
Jmtri7's ghost hits you!
You die...

..#.(...##########
.................#
..###.....#####.##
..###.....#
#.#####..#
........#####
#.........
..#####.....#
#..#####.# ..#
#####.# #..# .##
#.# #..# .# #.#
#.@###### .#
#.###.W....... .#
#............. .#
######.####.## .#
#... # .# ##### .#


You could see Jmtri7's ghost.

Vanquished Creatures
  An ooze (D:2)
  A dart slug (D:1)
  2 giant geckos (D:1)
  2 giant cockroaches
  11 goblins
  4 hobgoblins
  A jackal (D:2)
  4 kobolds (D:1)
  4 bats
  2 giant newts (D:3)
  4 rats
36 creatures vanquished.

Notes
Turn   | Place    | Note
-------+----------+-------------------------------------------
     0 | D:1      | Jmtri7 the Octopode Transmuter began the quest for the Orb.
     0 | D:1      | Reached XP level 1. HP: 13/13 MP: 3/3
   256 | D:1      | Reached XP level 2. HP: 18/18 MP: 5/5
   846 | D:1      | Reached XP level 3. HP: 23/23 MP: 6/6
  1664 | D:3      | Noticed Jmtri7's ghost (amateur OpTm)
  1679 | D:3      | Slain by Jmtri7's ghost

Vault maps used:
D:1:      nicolae_arrival_washed_ashore
D:3:      zin_angel, patterned_corridor

Skill      XL: |  1  2 |
---------------+-------+-----
Transmutations | 3 |  3.9
Fighting       | |  1.0
Dodging        | |  2.0
Unarmed Combat | |  3.0
Spellcasting   | |  2.0

Action                   || total
-------------------------++-------
Melee: Unarmed           ||    72
       Constrict         ||    20
       Tentacles         ||    14
       Whip              ||    23
       Kick              ||     4
 Cast: Beastly Appendage ||     1
  Use: Scroll            ||    10
 Stab: Sleeping          ||     8
  Eat: Chunk             ||     2
Armor: Skin              ||    15
Dodge: Dodged            ||    54
